 Dungeon Crawl Stone Soup version 0.28-a0-1235-g7c8fac35f0 (webtiles) character file.

Game seed: 15501500501342817058

85 SweetFeetChazzz the Insei (level 4, -2/33 HPs)
             Began as a Djinni Transmuter on Dec 24, 2021.
             Slain by a gnoll (3 damage)
             ... on level 4 of the Dungeon.
             The game lasted 00:23:32 (3423 turns).

SweetFeetChazzz the Insei (Djinni Transmuter)       Turns: 3423, Time: 00:23:33

Health: -2/33      AC:  3    Str:  9    XL:     4   Next: 75%
Gold:   128        EV: 16    Int: 17    God:
                   SH:  0    Dex: 13

rFire   + + .      SeeInvis .     - Unarmed
rCold   x . .      Faith    .   (no shield)
rNeg    . . .      Spirit   .   a - +0 robe
rPois   ∞          Reflect  .   (no helmet)
rElec   .          Harm     .   n - +0 cloak
rCorr   .          Rampage  .   (no gloves)
Will    .....                   (boots unavailable)
Stlth   +.........              (no amulet)
HPRegen 0.11/turn               k - +4 ring of evasion
MPRegen 0.00/turn               (no ring)

@: wereblooded (expiring), flying
A: sickness immunity, fire resistance 2, cold vulnerability 1, float, innate
caster, hp casting, extra vitality 1
a: no special abilities


You were on level 4 of the Dungeon.
You visited 1 branch of the dungeon, and saw 4 of its levels.

You collected 128 gold pieces.

Inventory:

Hand Weapons
 c - a +0 club
 e - a +2 hand axe of venom
 f - a +2 dagger of protection
Armour
 a - a +0 robe (worn)
 b - a +0 leather armour
 n - a +0 cloak (worn)
Jewellery
 d - an amulet of faith
 k - a +4 ring of evasion (left hand)
Wands
 i - a wand of paralysis (8)
Scrolls
 g - a scroll of vulnerability {unknown}
 j - 2 scrolls of teleportation {unknown}
 o - a scroll of identify {unknown}
 p - a scroll of fear {unknown}
Potions
 h - a potion of degeneration {unknown}
 l - a potion of attraction {unknown}
 m - a potion of heal wounds {unknown}


   Skills:
 + Level 2.0 Fighting
 - Level 3.0 Dodging
 + Level 0.3 Stealth
 + Level 3.5 Unarmed Combat
 + Level 2.3 Spellcasting


You couldn't memorise any spells.
You knew the following spells:

 Your Spells              Type           Power      Damage    Failure   Level
a - Beastly Appendage     Tmut           20%        N/A       7%          1
b - Wereblood             Tmut           10%        N/A       11%         2
c - Spider Form           Tmut/Pois      10%        N/A       22%         3
d - Ice Form              Ice/Tmut       10%        N/A       56%         4
e - Summon Small Mammal   Summ           40%        N/A       7%          1
Your spell library was empty.

Dungeon Overview and Level Annotations

Branches:
Dungeon (4/15)
 Temple: D:4-7

Altars:
The Shining One

Annotations:
D:4 Grinder


Innate Abilities, Weirdness & Mutations

You are immune to sickness and miasma.
You are immune to poison.
Your flesh is very heat resistant. (rF++)
You are vulnerable to cold. (rC-)
You float through the air rather than walking.
You learn spells naturally, not from books.
Your magical power is your life essence.
You have superior vitality. (+4 MHP)


Message History

The hound closely misses you.
You barely miss the hound.
The hound is moderately wounded.
Your transformation is almost over.
The hound misses you.
The gnoll hits you from afar with a +0 spear.
You hit the hound.
The hound is heavily wounded.
The hound bites you. The gnoll completely misses you.
The hound bites you but does no damage.
You hit the hound.
The hound is severely wounded.
The hound pauses to sniff the ground.
The hound bites you but does no damage. The gnoll closely misses you.
You hit the hound but do no damage. Your headbutt misses the hound.
You punch the hound, but do no damage.
The hound is severely wounded.
The hound bites you. The gnoll completely misses you.
You miss the hound.
The hound is severely wounded.
The hound bites you.
* * * LOW HITPOINT WARNING * * *
The hound barely misses you.
The gnoll hits you from afar with a +0 spear.
* * * LOW HITPOINT WARNING * * *
A hound comes into view.
The hound barks!
You hear an angry hiss.
You hear a shout!
You hear a bark!
The hound bites you.
* * * LOW HITPOINT WARNING * * *
Your primal bloodlust is almost over.
The hound bites you.
* * * LOW HITPOINT WARNING * * *
There is a stone staircase leading up here.
Your horns disappear.
The hound bites you but does no damage.
The hound stops to sniff the ground.
The hound misses you.
The gnoll hits you from afar with a +0 spear.
You die...

###
#@#
#h#
#g#
#g#
#h#
#.#
#g#
#.#
...


You could see 2 hounds and 3 gnolls.

Vanquished Creatures
  2 adders
  2 worms (D:2)
  A dart slug (D:1)
  5 orcs (D:3)
  2 ball pythons
  5 endoplasms
  2 giant cockroaches (D:3)
  3 goblins
  7 hobgoblins
  6 jackals
  A quokka (D:3)
  2 bats
  4 frilled lizards
  4 kobolds
  4 rats
50 creatures vanquished.

Vanquished Creatures (others)
  A plant (D:1)
1 creature vanquished.

Grand Total: 51 creatures vanquished

Notes
Turn   | Place    | Note
-------+----------+-------------------------------------------
     0 | D:1      | SweetFeetChazzz the Djinni Transmuter began the quest for
                  | the Orb.
     0 | D:1      | Reached XP level 1. HP: 17/17 MP: 0/0
   441 | D:1      | Reached XP level 2. HP: 20/22 MP: 0/0
   450 | D:1      | Found a faded altar of an unknown god.
   472 | D:1      | Prayed at the altar of an unknown god.
   472 | D:1      | Became a worshipper of the Shining One
   472 | D:1      | Reached * piety under the Shining One
   759 | D:1      | Fell from the grace of the Shining One
  1198 | D:1      | Reached XP level 3. HP: 20/27 MP: 0/0
  1198 | D:1      | Learned a level 1 spell: Summon Small Mammal
  1940 | D:2      | Got the Compendium of Transmutation
  2340 | D:3      | Reached XP level 4. HP: 31/32 MP: 0/0
  2715 | D:3      | Noticed a necrophage
  3066 | D:4      | Noticed Grinder
  3421 | D:4      | HP: 1/33 [hound (2)]
  3423 | D:4      | Slain by a gnoll

Illustrated notes

Levels and vault maps discovered:
D:1:      kennysheep_arrival_seaside, layout_rooms,
          hellmonk_ecumenical_altar_lost_god, minmay_tetromino_i2
D:2:      layout_rooms, kennysheep_nub, minivault_4
D:3:      layout_loops_ring
D:4:      layout_basic, uniq_grinder

Skill      XL: |  1  2  3  4 |
---------------+-------------+-----
Spellcasting   | 2 |  2.3
Dodging        | 3 |  3.0
Fighting       | 2 |  2.0
Stealth        | |  0.3
Unarmed Combat | |  3.5

Action                   |  1- 3 |  4- 6 || total
-------------------------+-------+-------++-------
Melee: Unarmed           |    25 |    20 ||    45
       Hand axe          |     5 |       ||     5
       Headbutt          |     7 |     8 ||    15
       Dagger            |   121 |    88 ||   209
       Punch             |     1 |     1 ||     2
 Cast: Beastly Appendage |    13 |     7 ||    20
       Wereblood         |     1 |     1 ||     2
Invok: Renounce Religion |     1 |       ||     1
Evoke: Wand              |       |     2 ||     2
Armor: Robe              |    52 |    28 ||    80
Dodge: Dodged            |   101 |    72 ||   173

Table legend: (Time is in decaauts)
 A = Elapsed time spent in this place.
 B = Non-inter-level travel time spent in this place.
 C = Inter-level travel time spent in this place.
 D = Time resting spent in this place.
 E = Time spent auto-exploring this place.
 F = Levels seen in this place.
 G = Mean time per level.
                   A        B        C        D        E       F      G
               +--------+--------+--------+--------+--------+-----+--------+
         Total |   3425 |   3363 |     62 |   1170 |    553 |   4 |  856.2 |
       Dungeon |   3425 |   3363 |     62 |   1170 |    553 |   4 |  856.2 |
               +--------+--------+--------+--------+--------+-----+--------+

Top non-repeatable levels by time:
     D:1: 1524 daAuts
     D:3: 1012 daAuts
     D:2: 791 daAuts
     D:4: 98 daAuts
